Map: Invader LE

Players

puCK (Nina)

  • Race: Protoss Protoss
  • League: Grandmaster

EJK - Winner!

  • Race: Terran Terran
  • League: Grandmaster

Event: Team Gravity's Fight Night #40

VOD

Have the link to the VOD?

Description

Time

  • Played on: April 10, 2016, 7:41 p.m.
  • Length: 9:44

All games in this series

Show
View Real Time Build Order
Export as new Build Order

puCK Protoss 

Build Orders: 1 Gate Expand 

Get SALT Encoding   

  12  0:01  Probe (Chrono Boost)  
  13  0:11  Probe (Chrono Boost)  
  14  0:17  Pylon  
  14  0:22  Probe (Chrono Boost)  
  16  0:35  Probe (Chrono Boost)  
  16  0:37  Gateway  
  16  0:44  Assimilator  
  16  0:46  Probe (Chrono Boost)  
  18  0:57  Probe (Chrono Boost)  
  18  1:07  Probe (Chrono Boost)  
  19  1:20  Nexus  
  19  1:24  Probe (Chrono Boost)  
  20  1:33  Cybernetics Core  
  20  1:36  Probe (Chrono Boost)  
  21  1:42  Assimilator  
  22  1:47  Probe (Chrono Boost)  
  22  1:52  Pylon  
  22  1:57  Probe (Chrono Boost)  
  23  2:11  Adept, Mothership Core (Chrono Boost)  
  27  2:17  Warp Gate  
  27  2:29  Probe (Chrono Boost)  
  28  2:32  Probe (Chrono Boost)  
  29  2:38  Adept  
  29  2:40  Probe (Chrono Boost)  
  29  2:42  Probe (Chrono Boost)  
  33  2:50  Robotics Facility, Probe (Chrono Boost)  
  34  2:53  Probe (Chrono Boost)  
  35  3:01  Probe (Chrono Boost)  
  35  3:03  Probe (Chrono Boost)  
  37  3:06  Twilight Council  
  37  3:11  Probe (Chrono Boost)  
  38  3:14  Probe (Chrono Boost)  
  38  3:19  Assimilator  
  39  3:22  Pylon, Probe (Chrono Boost)  
  39  3:25  Probe (Chrono Boost)  
  39  3:26  Adept  
  41  3:32  Probe (Chrono Boost)  
  42  3:36  Gateway  
  42  3:39  Observer (Chrono Boost)  
  42  3:40  Probe  
  43  3:41  Gateway  
  43  3:44  Resonating Glaives (Chrono Boost)  
  43  3:46  Probe  
  45  3:51  Probe  
  46  3:57  Pylon, Warp Prism (Chrono Boost)  
  46  3:58  Probe  
  49  4:04  Probe  
  50  4:10  Probe  
  50  4:15  Pylon  
  50  4:16  Probe  
  52  4:21  Pylon  
  52  4:22  Pylon  
  52  4:23  Probe  
  53  4:25  Stalker  
  53  4:32  Stalker  
  53  4:34  Probe  
  53  4:35  Probe  
  53  4:36  Immortal  
  61  4:46  Probe  
  61  4:47  Assimilator  
  62  4:55  Stalker  
  62  4:56  Stalker  
  64  5:03  Probe  
  64  5:06  Probe  
  66  5:15  Probe  
  66  5:19  Probe  
  66  5:22  Robotics Bay  
  66  5:23  Adept x2  
  66  5:25  Blink (Chrono Boost), Adept, Observer  
  66  5:28  Probe  
  74  5:31  Probe  
  75  5:37  Pylon  
  75  5:40  Probe  
  76  5:45  Adept x2  
  76  5:46  Adept  
  82  5:54  Probe  
  81  6:04  Immortal  
  81  6:05  Probe  
  81  6:08  Probe  
  79  6:12  Gravitic Drive  
  79  6:16  Adept x2  
  79  6:17  Adept  
  79  6:18  Probe  
  84  6:23  Gateway  
  84  6:25  Gateway  
  84  6:38  Warp Prism  
  84  6:39  Adept  
  80  6:50  Stalker x2  
  80  6:52  Nexus  
  80  6:53  Pylon  
  82  6:59  Forge  
  82  7:01  Gateway  
  82  7:04  Stalker  
  84  7:11  Disruptor  
  84  7:14  Stalker x2  
  84  7:15  Pylon  
  91  7:31  Probe  
  91  7:32  Probe  
  91  7:33  Stalker x2  
  91  7:35  Pylon  
  91  7:36  Protoss Ground Weapons Level 1 (Chrono Boost)  
  97  7:38  Photon Cannon  
  97  7:42  Disruptor, Photon Cannon  
  97  7:43  Probe, Photon Cannon  
  101  7:58  Stalker x4  
  103  8:04  Probe  
  110  8:10  Stalker  
  101  8:13  Disruptor  
  104  8:26  Adept x4  
  94  8:38  Stalker x2  
  89  8:44  Disruptor  
  89  8:47  Stalker x3  
  87  8:50  Adept  
  73  9:04  Adept x2  
  63  9:11  Adept x4  
  63  9:16  Probe x2  
Show
View Real Time Build Order
Export as new Build Order

EJK Terran - Winner!

Build Orders: MMM Bio 

Get SALT Encoding   

  12  0:00  SCV  
  13  0:13  SCV  
  14  0:17  Supply Depot  
  14  0:25  SCV  
  15  0:39  SCV  
  16  0:43  Barracks  
  16  0:47  Refinery  
  16  0:51  SCV  
  17  1:03  SCV  
  18  1:15  SCV  
  19  1:30  Orbital Command  
  19  1:31  Barracks Reactor  
  19  1:41  Command Center  
  19  1:54  Supply Depot  
  19  1:56  SCV  
  20  2:07  Marine x2  
  22  2:08  SCV  
  22  2:13  Factory  
  23  2:20  SCV  
  24  2:25  Marine x2  
  26  2:33  SCV  
  27  2:43  Marine x2  
  29  2:45  SCV, Supply Depot  
  30  2:52  Orbital Command  
  30  2:57  SCV  
  31  3:02  Starport  
  31  3:08  Hellion x2  
  31  3:11  SCV  
  36  3:16  Marine  
  36  3:19  SCV  
  38  3:24  SCV  
  38  3:32  Hellion x2  
  38  3:33  SCV  
  43  3:36  SCV  
  43  3:39  Medivac  
  46  3:42  Barracks Tech Lab  
  46  3:45  Refinery  
  46  3:47  SCV  
  46  3:48  SCV  
  48  3:50  Refinery  
  48  3:52  Supply Depot  
  48  4:03  SCV x2  
  48  4:09  Marine x2  
  52  4:18  SCV x2  
  52  4:20  Cyclone  
  57  4:24  Barracks  
  57  4:25  Barracks  
  57  4:29  Marine x2  
  57  4:30  SCV x2  
  61  4:36  Supply Depot  
  61  4:42  SCV  
  61  4:45  Engineering Bay  
  62  4:52  Medivac  
  62  4:53  Marine x2  
  62  4:54  SCV  
  62  4:56  SCV  
  62  5:06  SCV  
  64  5:07  Siege Tank  
  64  5:08  SCV  
  65  5:15  Bunker  
  65  5:18  Barracks Tech Lab, SCV  
  65  5:19  Barracks Tech Lab  
  64  5:21  Barracks  
  64  5:22  Barracks  
  64  5:23  Terran Infantry Weapons Level 1  
  64  5:27  Marine x2  
  66  5:29  SCV  
  66  5:30  SCV  
  66  5:33  Starport Reactor  
  66  5:34  Refinery  
  70  5:42  Siege Tank  
  70  5:43  SCV  
  70  5:45  SCV  
  69  5:58  Marine  
  69  6:00  Stimpack  
  69  6:01  Marine  
  69  6:03  Marauder  
  69  6:04  Marauder  
  70  6:10  SCV x2  
  67  6:19  Marine x2  
  67  6:20  Missile Turret, Marine  
  67  6:24  Combat Shields, SCV x2, Marine  
  73  6:27  Marine x2  
  75  6:37  Marine x3  
  76  6:41  SCV x2  
  76  6:42  Marine  
  75  6:53  SCV x2, Supply Depot  
  76  6:54  Medivac  
  78  7:09  Supply Depot  
  78  7:15  Marine x4, Siege Tank  
  85  7:17  Supply Depot  
  85  7:19  Terran Infantry Armor Level 1  
  85  7:20  SCV  
  86  7:30  Medivac, Marauder x2, SCV  
  92  7:39  Barracks Tech Lab, Barracks Reactor  
  92  7:40  Marine x2  
  92  7:44  Medivac  
  96  7:47  Siege Tank  
  96  7:49  Supply Depot  
  97  7:51  SCV  
  97  7:52  Marauder x2  
  97  7:58  SCV, Supply Depot  
  100  8:00  Supply Depot  
  100  8:04  Liberator  
  100  8:17  Marauder  
  100  8:19  Marine x3  
  106  8:20  Marauder, Marine  
  110  8:33  Marauder  
  103  8:39  Marine x2  
  103  8:40  Marine  
  97  8:47  Concussive Shells  
  97  8:49  Marauder x2, Marine  
  97  8:54  Marine  
  87  9:10  Marauder x2  
  87  9:12  Marine x2  
  87  9:13  Marine  
  89  9:21  Marauder  
  89  9:22  Marine  

Tags
 
Add a new tag
Caveats
  • Supply blocks, unpowered buildings, or Contaminate may cause inaccurate times.
  • Supply counts are checked every 10 seconds.